[ AOE2 MATCH · #481745530 ]
UnrankedVikings vs Bohemians
[ REPLAY ANALYSIS · EXTRACTED FROM THE RECORDED GAME ]
Feudal
—
Castle
10:17
Imperial
25:09
| APM avg | 17.6 |
| APM peak | 38 |
| eAPM avg | 12.0 |
| Villagers / military | 51 / 90 |
Focus
⚔️ 33.6% · 🌾 66.4%
Berserk ×66 · Archer ×11 · Mangonel ×9 · Spearman ×4
Feudal
—
Castle
12:17
Imperial
27:03
| APM avg | 22.0 |
| APM peak | 62 |
| eAPM avg | 11.5 |
| Villagers / military | 20 / 45 |
Focus
⚔️ 26.3% · 🌾 73.7%
Boyar ×15 · Archer ×14 · Spearman ×6 · Militia ×3 · Skirmisher ×2 · Trebuchet (Packed) ×2
Feudal
—
Castle
9:23
Imperial
25:47
| APM avg | 26.3 |
| APM peak | 64 |
| eAPM avg | 16.4 |
| Villagers / military | 74 / 73 |
Focus
⚔️ 20.8% · 🌾 79.2%
Hussite Wagon ×65 · Scout Cavalry ×3 · Bombard Cannon ×3 · Militia ×2
Feudal
—
Castle
10:53
Imperial
28:32
| APM avg | 31.4 |
| APM peak | 78 |
| eAPM avg | 20.7 |
| Villagers / military | 116 / 78 |
Focus
⚔️ 23.2% · 🌾 76.8%
Unknown (1908) ×61 · Skirmisher ×55 · Scout Cavalry ×11 · Steppe Lancer ×10 · Spearman ×2
Feudal
—
Castle
21:31
Imperial
—
| APM avg | 15.6 |
| APM peak | 34 |
| eAPM avg | 7.9 |
| Villagers / military | 37 / 19 |
Focus
⚔️ 38.4% · 🌾 61.6%
Spearman ×10 · Scout Cavalry ×6 · Monk ×2 · Leitis ×1
Feudal
—
Castle
—
Imperial
—
| APM avg | 38.1 |
| APM peak | 84 |
| eAPM avg | 17.3 |
| Villagers / military | 78 / 87 |
Focus
⚔️ 23.9% · 🌾 76.1%
Camel Scout ×54 · Armored Elephant ×18 · Archer ×9 · Scout Cavalry ×5 · Monk ×1
Feudal
—
Castle
6:30
Imperial
—
| APM avg | 15.1 |
| APM peak | 30 |
| eAPM avg | 11.7 |
| Villagers / military | 65 / 42 |
Focus
⚔️ 26.0% · 🌾 74.0%
War Elephant ×14 · Knight ×10 · Spearman ×10 · Battering Ram ×4 · Camel Scout ×2 · Scout Cavalry ×2
Feudal
—
Castle
10:23
Imperial
26:51
| APM avg | 23.2 |
| APM peak | 49 |
| eAPM avg | 16.7 |
| Villagers / military | 102 / 96 |
Focus
⚔️ 22.5% · 🌾 77.5%
Spearman ×51 · Battering Ram ×21 · Scout Cavalry ×12 · Shotel Warrior ×12
Match map
Initial resources + every placement click. Lines = walls · curves = elevation contours. ◆ gold · ⬟ stone · ● berries · ✦ relic · ◌ wall gap
Your base· Open — unwalled flank
ElSplif's base· Open — unwalled flank
Dallsteell's base· Open — unwalled flank
Cubicle_Zues's base· Open — unwalled flank
horaciolm's base· Open — unwalled flank
GrownJewel239's base· Open — unwalled flank
399248324's base· Open — unwalled flank
AbIGwAteRmElOn's base· Open — unwalled flank
Smoothed initial terrain · ◌ = detected wall gap · hover for details
Inputs per minute
— Coyotesolo - - ElSplif
Build order — Coyotesolo
First 150 of 193 actions detected
| 0:05 | Create | Villager (Male) |
| 0:24 | Create | Villager (Male) |
| 0:35 | Build | Archery Range |
| 0:39 | Create | Villager (Male) |
| 0:39 | Create | Villager (Male) |
| 0:56 | Research | Double-Bit Axe |
| 0:56 | Research | Double-Bit Axe |
| 1:13 | Create | Villager (Male) |
| 1:28 | Build | Archery Range |
| 1:33 | Build | House |
| 1:41 | Create | Archer |
| 1:46 | Build | House |
| 1:57 | Research | Fletching |
| 2:04 | Build | Palisade Wall |
| 2:18 | Create | Villager (Male) |
| 2:18 | Create | Villager (Male) |
| 2:25 | Create | Archer |
| 2:37 | Create | Archer |
| 2:40 | Create | Archer |
| 2:41 | Create | Archer |
| 3:01 | Build | Mining Camp |
| 3:07 | Create | Villager (Male) |
| 3:28 | Research | Horse Collar |
| 3:29 | Create | Villager (Male) |
| 3:33 | Create | Archer |
| 3:34 | Create | Archer |
| 3:44 | Create | Villager (Male) |
| 4:12 | Create | Archer |
| 4:16 | Create | Archer |
| 4:23 | Create | Villager (Male) |
| 4:28 | Build | House |
| 4:31 | Build | House |
| 4:40 | Create | Archer |
| 4:42 | Create | Archer |
| 4:55 | Build | Farm |
| 4:56 | Build | Farm |
| 4:57 | Build | Farm |
| 5:00 | Build | Farm |
| 5:11 | Create | Villager (Male) |
| 5:29 | Create | Spearman |
| 5:30 | Create | Spearman |
| 7:12 | Create | Villager (Male) |
| 7:29 | Build | Lumber Camp |
| 7:31 | Research | Castle Age |
| 7:59 | Build | Mining Camp |
| 8:01 | Create | Spearman |
| 8:01 | Create | Spearman |
| 8:17 | Build | Market |
| 8:22 | Build | House |
| 8:27 | Build | House |
| 8:31 | Build | Palisade Wall |
| 9:02 | Research | Stone Mining |
| 9:16 | Build | Farm |
| 9:18 | Build | Farm |
| 9:19 | Build | Farm |
| 9:20 | Build | Farm |
| 9:22 | Build | Farm |
| 9:49 | Research | Arson |
| 10:17 | Age | Castle Age |
| 10:18 | Build | Farm |
| 10:19 | Build | Farm |
| 10:22 | Build | Farm |
| 10:26 | Build | Farm |
| 10:28 | Build | Farm |
| 10:51 | Build | Castle |
| 11:01 | Research | Crossbowman (upgrade) |
| 11:18 | Build | Farm |
| 11:22 | Create | Villager (Male) |
| 11:47 | Build | Town Center |
| 11:53 | Create | Villager (Male) |
| 11:54 | Create | Villager (Male) |
| 11:54 | Create | Villager (Male) |
| 12:07 | Research | Scale Mail Armor |
| 12:36 | Create | Villager (Male) |
| 12:36 | Create | Villager (Male) |
| 12:37 | Create | Villager (Male) |
| 12:37 | Create | Villager (Male) |
| 12:47 | Research | Forging |
| 13:05 | Build | Farm |
| 13:06 | Build | Farm |
| 13:19 | Create | Villager (Male) |
| 13:20 | Create | Villager (Male) |
| 13:33 | Create | Berserk |
| 13:33 | Create | Berserk |
| 13:34 | Create | Berserk |
| 13:46 | Research | Gambesons |
| 13:54 | Build | Farm |
| 13:57 | Create | Villager (Male) |
| 14:02 | Build | Farm |
| 14:06 | Build | Farm |
| 14:20 | Create | Berserk |
| 14:20 | Create | Berserk |
| 14:21 | Create | Berserk |
| 14:21 | Create | Berserk |
| 14:34 | Build | Farm |
| 14:46 | Create | Berserk |
| 14:46 | Create | Berserk |
| 15:02 | Research | Chain Mail Armor |
| 15:05 | Build | Farm |
| 15:08 | Create | Villager (Male) |
| 15:20 | Create | Berserk ×2 |
| 15:39 | Build | Farm |
| 15:41 | Build | Farm |
| 15:43 | Build | Farm |
| 15:44 | Build | Farm |
| 15:46 | Build | Farm |
| 15:47 | Build | Farm |
| 15:50 | Create | Villager (Male) |
| 15:51 | Create | Villager (Male) |
| 15:52 | Create | Villager (Male) |
| 15:54 | Create | Villager (Male) |
| 15:56 | Create | Berserk |
| 16:19 | Build | Outpost |
| 16:30 | Build | Farm |
| 16:33 | Build | Farm |
| 16:39 | Build | Town Center |
| 16:45 | Create | Berserk ×5 |
| 16:46 | Create | Berserk |
| 16:55 | Research | Squires |
| 17:03 | Research | Town Watch |
| 17:21 | Build | Farm |
| 17:27 | Create | Berserk |
| 17:27 | Create | Berserk |
| 17:27 | Create | Berserk |
| 17:35 | Build | Outpost |
| 17:46 | Research | Iron Casting |
| 18:02 | Build | Outpost |
| 18:19 | Create | Berserk ×5 |
| 18:32 | Create | Villager (Male) |
| 18:33 | Create | Villager (Male) |
| 18:47 | Build | Monastery |
| 19:19 | Build | Siege Workshop |
| 19:49 | Build | Siege Workshop |
| 20:03 | Build | Castle |
| 20:09 | Create | Berserk ×5 |
| 20:09 | Create | Berserk ×5 |
| 20:18 | Create | Mangonel |
| 20:19 | Create | Mangonel |
| 20:32 | Create | Berserk |
| 20:33 | Create | Berserk |
| 20:33 | Create | Berserk |
| 20:33 | Create | Berserk |
| 20:33 | Create | Berserk |
| 21:29 | Create | Mangonel |
| 21:56 | Create | Villager (Male) |
| 21:56 | Create | Villager (Male) |
| 21:56 | Create | Villager (Male) |
| 21:57 | Create | Villager (Male) |
| 21:59 | Research | Imperial Age |
| 22:10 | Create | Berserk |
Build order — ElSplif
First 150 of 189 actions detected
| 5:04 | Research | Wheelbarrow |
| 5:07 | Research | Double-Bit Axe |
| 5:11 | Research | Gold Mining |
| 5:13 | Research | Stone Mining |
| 5:16 | Create | Villager (Male) |
| 5:16 | Create | Villager (Male) |
| 5:17 | Create | Villager (Male) |
| 5:49 | Create | Villager (Male) |
| 5:50 | Create | Villager (Male) |
| 6:13 | Create | Spearman |
| 6:14 | Create | Spearman |
| 7:22 | Build | Archery Range |
| 7:36 | Create | Spearman |
| 7:37 | Create | Spearman |
| 8:03 | Build | Mining Camp |
| 9:17 | Build | Farm |
| 9:19 | Build | Farm |
| 9:20 | Build | Farm |
| 9:22 | Build | Farm |
| 9:23 | Build | Farm |
| 9:25 | Build | Farm |
| 9:28 | Build | Farm |
| 9:32 | Build | Farm |
| 9:33 | Build | Farm |
| 9:37 | Research | Castle Age |
| 9:37 | Research | Castle Age |
| 9:49 | Research | Fletching |
| 9:56 | Create | Skirmisher |
| 9:57 | Create | Skirmisher |
| 10:00 | Create | Archer |
| 10:00 | Create | Archer |
| 10:00 | Create | Archer |
| 10:01 | Create | Archer |
| 10:01 | Create | Archer |
| 10:01 | Create | Archer |
| 10:01 | Create | Archer |
| 10:01 | Create | Archer |
| 10:02 | Create | Archer |
| 10:02 | Create | Archer |
| 10:02 | Create | Archer |
| 10:02 | Create | Archer |
| 10:03 | Create | Archer |
| 10:03 | Create | Archer |
| 10:56 | Build | House |
| 10:58 | Build | House |
| 11:05 | Build | House |
| 11:07 | Build | House |
| 11:11 | Build | House |
| 11:14 | Build | House |
| 11:16 | Build | House |
| 11:18 | Build | House |
| 11:27 | Build | Mining Camp |
| 12:17 | Age | Castle Age |
| 13:24 | Build | Town Center |
| 14:03 | Research | Bodkin Arrow |
| 14:41 | Build | Castle |
| 15:02 | Research | Hand Cart |
| 15:05 | Research | Bow Saw |
| 15:08 | Research | Horse Collar |
| 15:13 | Research | Gold Shaft Mining |
| 15:26 | Create | Villager (Male) |
| 15:26 | Create | Villager (Male) |
| 15:26 | Create | Villager (Male) |
| 15:36 | Create | Villager (Male) |
| 15:36 | Create | Villager (Male) |
| 15:36 | Create | Villager (Male) |
| 15:41 | Create | Villager (Male) |
| 16:14 | Build | Monastery |
| 16:21 | Build | University |
| 16:49 | Build | House |
| 16:53 | Build | House |
| 16:54 | Build | House |
| 16:56 | Build | House |
| 16:57 | Build | House |
| 17:00 | Build | House |
| 17:02 | Build | House |
| 17:03 | Build | House |
| 17:04 | Build | House |
| 17:07 | Build | House |
| 17:09 | Build | House |
| 17:22 | Build | Farm |
| 18:04 | Create | Villager (Male) |
| 18:04 | Create | Villager (Male) |
| 18:04 | Create | Villager (Male) |
| 18:08 | Create | Villager (Male) |
| 18:09 | Create | Villager (Male) |
| 18:09 | Create | Villager (Male) |
| 18:32 | Create | Monk |
| 18:48 | Research | Tech 455 |
| 18:49 | Create | Boyar |
| 18:50 | Create | Boyar |
| 18:50 | Create | Boyar |
| 19:19 | Build | Market |
| 19:38 | Build | Mining Camp |
| 19:57 | Create | Villager (Male) |
| 19:57 | Create | Villager (Male) |
| 20:02 | Create | Boyar |
| 20:03 | Create | Boyar |
| 20:03 | Create | Boyar |
| 20:03 | Create | Boyar |
| 20:04 | Create | Boyar |
| 21:00 | Research | Ballistics |
| 21:03 | Research | Forging |
| 21:04 | Research | Scale Mail Armor |
| 21:20 | Build | House |
| 21:26 | Build | House |
| 21:29 | Build | House |
| 21:30 | Build | House |
| 21:32 | Build | House |
| 21:33 | Build | House |
| 21:34 | Build | House |
| 21:35 | Build | House |
| 21:36 | Build | House |
| 21:37 | Build | House |
| 21:45 | Build | House |
| 21:46 | Build | House |
| 21:48 | Build | House |
| 21:49 | Build | House |
| 21:50 | Build | House |
| 21:51 | Build | House |
| 21:52 | Build | House |
| 21:54 | Build | House |
| 21:55 | Build | House |
| 21:57 | Build | House |
| 21:58 | Build | House |
| 21:59 | Build | House |
| 22:02 | Build | House |
| 22:25 | Research | Man-at-Arms (upgrade) |
| 22:26 | Research | Pikeman (upgrade) |
| 22:27 | Create | Militia |
| 22:28 | Create | Militia |
| 22:28 | Create | Spearman |
| 22:28 | Create | Spearman |
| 22:51 | Create | Boyar |
| 22:51 | Create | Boyar |
| 23:02 | Build | Barracks |
| 23:03 | Build | Barracks |
| 23:04 | Build | Barracks |
| 23:05 | Build | Barracks |
| 23:07 | Build | Barracks |
| 23:36 | Research | Heavy Plow |
| 23:53 | Research | Imperial Age |
| 24:18 | Build | Stable |
| 24:20 | Build | Stable |
| 25:05 | Build | Farm |
| 25:05 | Build | Farm |
| 25:16 | Research | Husbandry |
| 25:18 | Create | Knight |
| 25:22 | Create | Militia |
| 26:00 | Build | Farm |
Build order — Dallsteell
First 150 of 177 actions detected
| 0:01 | Create | Villager (Male) |
| 0:02 | Create | Villager (Male) |
| 0:06 | Research | Double-Bit Axe |
| 0:30 | Build | House |
| 0:33 | Build | House |
| 0:34 | Build | House |
| 0:36 | Build | House |
| 0:42 | Build | House |
| 0:43 | Build | House |
| 1:02 | Build | Stable |
| 1:09 | Create | Villager (Male) |
| 1:09 | Create | Villager (Male) |
| 1:10 | Create | Villager (Male) |
| 1:25 | Create | Villager (Male) |
| 1:35 | Build | Mining Camp |
| 1:42 | Research | Horse Collar |
| 1:59 | Build | Gate |
| 2:08 | Build | House |
| 2:22 | Build | House |
| 2:23 | Build | House |
| 2:27 | Build | House |
| 2:29 | Build | House |
| 2:30 | Build | House |
| 2:34 | Create | Villager (Male) |
| 2:35 | Create | Scout Cavalry |
| 2:45 | Create | Villager (Male) |
| 2:55 | Create | Scout Cavalry |
| 3:31 | Create | Villager (Male) |
| 3:53 | Create | Villager (Male) |
| 3:59 | Build | Farm |
| 3:59 | Build | Farm |
| 3:59 | Build | Farm |
| 4:00 | Build | Farm |
| 4:08 | Build | Farm |
| 4:08 | Build | Farm |
| 4:09 | Build | Farm |
| 4:23 | Build | House |
| 4:25 | Build | House |
| 4:28 | Build | House |
| 4:29 | Build | House |
| 4:31 | Build | House |
| 4:32 | Build | House |
| 4:33 | Build | House |
| 4:38 | Build | Gate |
| 4:40 | Create | Villager (Male) |
| 4:40 | Create | Villager (Male) |
| 5:20 | Build | Lumber Camp |
| 5:34 | Build | Gate |
| 5:49 | Create | Villager (Male) |
| 5:49 | Create | Villager (Male) |
| 5:50 | Create | Villager (Male) |
| 6:24 | Build | Stone Wall |
| 6:28 | Build | Gate |
| 6:33 | Create | Villager (Male) |
| 6:33 | Create | Villager (Male) |
| 6:40 | Create | Villager (Male) |
| 6:43 | Research | Castle Age |
| 6:43 | Research | Castle Age |
| 7:05 | Build | Mining Camp |
| 7:39 | Build | Farm |
| 7:39 | Build | Farm |
| 8:12 | Build | Stable |
| 8:38 | Research | Scale Barding Armor |
| 8:39 | Research | Forging |
| 8:48 | Research | Fletching |
| 9:02 | Build | Farm |
| 9:02 | Build | Farm |
| 9:15 | Build | Farm |
| 9:15 | Build | Farm |
| 9:16 | Build | Farm |
| 9:16 | Build | Farm |
| 9:19 | Build | Farm |
| 9:20 | Build | Farm |
| 9:20 | Build | Farm |
| 9:21 | Build | Farm |
| 9:21 | Build | Farm |
| 9:22 | Build | Farm |
| 9:23 | Age | Castle Age |
| 9:28 | Create | Villager (Male) |
| 9:28 | Create | Villager (Male) |
| 9:29 | Create | Villager (Male) |
| 10:15 | Build | Castle |
| 10:20 | Build | Farm |
| 10:27 | Research | Wheelbarrow |
| 10:35 | Create | Villager (Male) |
| 10:35 | Create | Villager (Male) |
| 11:35 | Build | Town Center |
| 12:41 | Build | Castle |
| 12:47 | Research | Wagenburg Tactics |
| 12:50 | Create | Villager (Male) ×5 |
| 12:50 | Create | Villager (Male) ×4 |
| 12:57 | Build | University |
| 13:05 | Research | Bow Saw |
| 13:05 | Research | Bow Saw |
| 13:06 | Research | Bow Saw |
| 14:03 | Research | Hand Cart |
| 14:28 | Create | Villager (Male) |
| 14:30 | Create | Villager (Male) |
| 14:30 | Create | Villager (Male) |
| 14:31 | Create | Villager (Male) |
| 14:32 | Create | Villager (Male) |
| 14:49 | Build | Town Center |
| 14:52 | Create | Villager (Male) ×3 |
| 14:58 | Build | House |
| 15:00 | Build | House |
| 15:01 | Build | House |
| 15:02 | Build | House |
| 15:45 | Build | Lumber Camp |
| 15:59 | Build | Castle |
| 16:16 | Create | Hussite Wagon |
| 16:16 | Create | Hussite Wagon |
| 16:16 | Create | Hussite Wagon |
| 16:22 | Research | Chemistry |
| 16:26 | Create | Villager (Male) |
| 16:26 | Create | Villager (Male) |
| 16:35 | Create | Scout Cavalry |
| 16:44 | Build | Farm |
| 16:59 | Research | Ballistics |
| 17:04 | Create | Villager (Male) ×5 |
| 17:04 | Create | Villager (Male) ×3 |
| 17:20 | Create | Hussite Wagon ×2 |
| 17:36 | Create | Militia ×2 |
| 17:42 | Create | Hussite Wagon ×2 |
| 17:56 | Create | Villager (Male) ×5 |
| 17:56 | Create | Villager (Male) ×2 |
| 18:17 | Research | Heavy Plow |
| 18:25 | Build | Lumber Camp |
| 18:42 | Build | Mining Camp |
| 18:44 | Create | Hussite Wagon ×5 |
| 19:06 | Create | Hussite Wagon ×3 |
| 19:42 | Create | Hussite Wagon ×5 |
| 20:04 | Build | Farm |
| 20:04 | Build | Farm |
| 20:05 | Build | Farm |
| 20:05 | Build | Farm |
| 20:05 | Build | Farm |
| 20:05 | Build | Farm |
| 20:11 | Build | Mill |
| 20:51 | Build | Mining Camp |
| 20:55 | Create | Hussite Wagon ×5 |
| 20:55 | Create | Hussite Wagon ×2 |
| 21:58 | Create | Villager (Male) ×5 |
| 22:37 | Research | Imperial Age |
| 22:59 | Create | Hussite Wagon ×4 |
| 24:17 | Create | Hussite Wagon ×5 |
| 24:18 | Create | Hussite Wagon ×5 |
| 24:18 | Create | Hussite Wagon ×5 |
| 24:23 | Create | Villager (Male) |
| 24:23 | Create | Villager (Male) |
| 24:23 | Create | Villager (Male) |
Build order — Cubicle_Zues
First 150 of 332 actions detected
| 0:01 | Create | Villager (Male) |
| 0:01 | Create | Villager (Male) |
| 0:03 | Research | Double-Bit Axe |
| 0:40 | Build | Stable |
| 0:53 | Create | Villager (Male) |
| 0:53 | Create | Villager (Male) |
| 0:59 | Build | House |
| 1:02 | Build | House |
| 1:03 | Build | House |
| 1:23 | Build | Stable |
| 1:25 | Create | Spearman |
| 1:41 | Create | Villager (Male) |
| 1:41 | Create | Villager (Male) |
| 1:43 | Create | Scout Cavalry |
| 2:02 | Create | Scout Cavalry |
| 2:02 | Create | Scout Cavalry |
| 2:07 | Create | Scout Cavalry |
| 2:07 | Create | Scout Cavalry |
| 2:12 | Create | Spearman |
| 2:33 | Build | House |
| 2:36 | Create | Villager (Male) |
| 2:36 | Create | Villager (Male) |
| 2:41 | Build | Farm |
| 2:41 | Build | Farm |
| 2:42 | Build | Farm |
| 2:42 | Build | Farm |
| 2:42 | Build | Farm |
| 2:42 | Build | Farm |
| 3:01 | Research | Horse Collar |
| 3:04 | Create | Scout Cavalry |
| 3:04 | Create | Scout Cavalry |
| 3:28 | Create | Villager (Male) |
| 3:28 | Create | Villager (Male) |
| 4:03 | Create | Villager (Male) ×4 |
| 4:09 | Create | Scout Cavalry ×2 |
| 4:09 | Create | Scout Cavalry ×2 |
| 4:21 | Build | Farm |
| 4:22 | Build | Farm |
| 4:22 | Build | Farm |
| 4:22 | Build | Farm |
| 4:22 | Build | Farm |
| 4:31 | Build | House |
| 4:32 | Build | House |
| 4:34 | Build | House |
| 4:38 | Create | Villager (Male) |
| 5:00 | Build | Farm |
| 5:01 | Research | Scale Barding Armor |
| 5:03 | Create | Villager (Male) |
| 5:27 | Build | Farm |
| 5:28 | Create | Villager (Male) |
| 5:47 | Build | Watch Tower |
| 6:12 | Build | Lumber Camp |
| 6:33 | Create | Villager (Male) |
| 6:33 | Create | Villager (Male) |
| 6:56 | Create | Villager (Male) |
| 7:06 | Build | Mining Camp |
| 7:11 | Build | Market |
| 7:14 | Create | Villager (Male) |
| 8:04 | Research | Castle Age |
| 8:16 | Build | Archery Range |
| 8:19 | Research | Fletching |
| 8:33 | Build | House |
| 8:41 | Build | House |
| 8:51 | Build | Gate |
| 8:53 | Create | Villager (Male) |
| 9:05 | Create | Skirmisher |
| 9:05 | Create | Skirmisher |
| 9:06 | Create | Skirmisher |
| 9:06 | Create | Skirmisher |
| 9:17 | Build | Stone Wall |
| 9:36 | Build | House |
| 9:52 | Build | Archery Range |
| 9:55 | Research | Padded Archer Armor |
| 10:10 | Build | Farm |
| 10:38 | Create | Skirmisher ×2 |
| 10:40 | Create | Skirmisher |
| 10:40 | Create | Skirmisher |
| 10:53 | Age | Castle Age |
| 11:04 | Build | Town Center |
| 11:28 | Research | Elite Skirmisher (upgrade) |
| 11:30 | Research | Bodkin Arrow |
| 11:31 | Create | Villager (Male) |
| 11:43 | Create | Villager (Male) |
| 11:59 | Create | Villager (Male) |
| 12:07 | Create | Skirmisher ×2 |
| 12:07 | Create | Skirmisher ×2 |
| 12:19 | Create | Villager (Male) |
| 12:30 | Create | Skirmisher ×2 |
| 12:30 | Create | Skirmisher ×2 |
| 12:53 | Build | Castle |
| 12:59 | Create | Villager (Male) ×2 |
| 13:15 | Build | Town Center |
| 13:21 | Create | Villager (Male) ×2 |
| 13:32 | Create | Villager (Male) |
| 13:36 | Create | Skirmisher ×2 |
| 13:54 | Create | Villager (Male) |
| 14:04 | Research | Bow Saw |
| 14:11 | Create | Villager (Male) |
| 14:13 | Build | Farm |
| 14:14 | Build | Farm |
| 14:14 | Build | Farm |
| 14:14 | Build | Farm |
| 14:14 | Build | Farm |
| 14:15 | Build | Farm |
| 14:31 | Create | Villager (Male) |
| 14:34 | Create | Skirmisher |
| 14:47 | Build | Mining Camp |
| 14:49 | Create | Villager (Male) |
| 15:00 | Create | Villager (Male) |
| 15:04 | Create | Skirmisher ×2 |
| 15:04 | Create | Skirmisher ×2 |
| 15:22 | Build | University |
| 15:24 | Create | Villager (Male) ×2 |
| 15:36 | Build | Farm |
| 15:37 | Build | Farm |
| 15:37 | Build | Farm |
| 15:37 | Build | Farm |
| 15:37 | Build | Farm |
| 15:38 | Build | Farm |
| 15:38 | Build | Farm |
| 15:38 | Build | Farm |
| 15:39 | Build | Farm |
| 15:39 | Build | Farm |
| 15:39 | Build | Farm |
| 15:39 | Build | Farm |
| 15:40 | Build | Farm |
| 15:40 | Build | Farm |
| 15:40 | Build | Farm |
| 15:40 | Build | Farm |
| 15:41 | Build | Farm |
| 15:41 | Build | Farm |
| 15:41 | Build | Farm |
| 15:41 | Build | Farm |
| 15:41 | Build | Farm |
| 15:42 | Build | Farm |
| 15:42 | Build | Farm |
| 15:42 | Build | Farm |
| 15:43 | Build | Farm |
| 15:43 | Build | Farm |
| 15:43 | Build | Farm |
| 15:43 | Build | Farm |
| 15:44 | Build | Farm |
| 15:44 | Build | Farm |
| 15:44 | Build | Farm |
| 15:45 | Build | Farm |
| 15:45 | Build | Farm |
| 15:45 | Build | Farm |
| 15:45 | Build | Farm |
| 15:46 | Build | Farm |
| 15:46 | Build | Farm |
Build order — horaciolm
111 actions detected in the replay
| 0:04 | Research | Wheelbarrow |
| 0:05 | Create | Villager (Male) |
| 0:05 | Create | Villager (Male) |
| 0:05 | Create | Villager (Male) |
| 0:23 | Build | Watch Tower |
| 0:32 | Research | Double-Bit Axe |
| 0:36 | Create | Villager (Male) |
| 2:16 | Build | Stable |
| 2:32 | Build | Mining Camp |
| 2:54 | Research | Fletching |
| 3:20 | Create | Villager (Male) |
| 3:20 | Create | Villager (Male) |
| 3:20 | Create | Villager (Male) |
| 3:20 | Create | Villager (Male) |
| 3:21 | Create | Villager (Male) |
| 3:38 | Build | Market |
| 3:45 | Build | Farm |
| 4:03 | Create | Spearman |
| 4:03 | Create | Spearman |
| 4:12 | Research | Bloodlines |
| 6:19 | Create | Scout Cavalry |
| 6:19 | Create | Scout Cavalry |
| 6:30 | Research | Forging |
| 6:44 | Build | Watch Tower |
| 6:53 | Build | Watch Tower |
| 7:14 | Build | Archery Range |
| 7:35 | Create | Spearman |
| 7:35 | Create | Spearman |
| 8:05 | Create | Spearman |
| 8:05 | Create | Spearman |
| 8:30 | Create | Scout Cavalry |
| 8:30 | Create | Scout Cavalry |
| 8:49 | Research | Town Watch |
| 9:06 | Build | Farm |
| 10:24 | Create | Villager (Male) |
| 10:26 | Create | Villager (Male) |
| 11:02 | Build | Lumber Camp |
| 11:47 | Create | Scout Cavalry |
| 11:48 | Create | Scout Cavalry |
| 12:35 | Create | Spearman |
| 12:36 | Create | Spearman |
| 12:36 | Create | Spearman |
| 12:36 | Create | Spearman |
| 14:26 | Create | Villager (Male) |
| 14:27 | Create | Villager (Male) |
| 14:27 | Create | Villager (Male) |
| 14:31 | Build | Farm |
| 14:33 | Build | Farm |
| 14:35 | Build | Farm |
| 14:37 | Build | Farm |
| 15:08 | Research | Scale Barding Armor |
| 15:13 | Build | Farm |
| 15:33 | Build | Farm |
| 18:51 | Research | Castle Age |
| 19:22 | Create | Villager (Male) |
| 19:22 | Create | Villager (Male) |
| 19:22 | Create | Villager (Male) |
| 19:22 | Create | Villager (Male) |
| 19:22 | Create | Villager (Male) |
| 19:44 | Build | Mining Camp |
| 21:03 | Research | Stone Mining |
| 21:04 | Research | Gold Mining |
| 21:08 | Research | Horse Collar |
| 21:31 | Age | Castle Age |
| 21:40 | Build | University |
| 21:59 | Build | Monastery |
| 22:12 | Build | House |
| 22:13 | Build | House |
| 22:15 | Build | House |
| 22:22 | Research | Stone Shaft Mining |
| 22:25 | Research | Bodkin Arrow |
| 22:50 | Build | Town Center |
| 23:09 | Research | Husbandry |
| 23:26 | Build | Castle |
| 23:32 | Create | Monk |
| 23:38 | Research | Fervor |
| 23:59 | Build | Town Center |
| 24:15 | Research | Light Cavalry (upgrade) |
| 24:31 | Build | Town Center |
| 24:49 | Create | Monk |
| 24:55 | Research | Masonry |
| 25:01 | Build | Mining Camp |
| 26:24 | Research | Ballistics |
| 26:28 | Create | Leitis |
| 27:16 | Create | Villager (Male) |
| 27:16 | Create | Villager (Male) |
| 27:16 | Create | Villager (Male) |
| 27:16 | Create | Villager (Male) |
| 27:19 | Create | Villager (Male) |
| 27:20 | Create | Villager (Male) |
| 27:23 | Create | Villager (Male) |
| 27:23 | Create | Villager (Male) |
| 27:23 | Create | Villager (Male) |
| 27:23 | Create | Villager (Male) |
| 27:28 | Create | Villager (Male) |
| 27:28 | Create | Villager (Male) |
| 27:28 | Create | Villager (Male) |
| 27:37 | Build | Watch Tower |
| 27:45 | Build | Watch Tower |
| 28:00 | Research | Sanctity |
| 28:07 | Research | Iron Casting |
| 28:35 | Create | Villager (Male) |
| 28:36 | Create | Villager (Male) |
| 28:36 | Create | Villager (Male) |
| 28:50 | Research | Redemption |
| 29:14 | Build | Lumber Camp |
| 29:28 | Create | Villager (Male) |
| 29:28 | Create | Villager (Male) |
| 30:06 | Research | Hill Forts |
| 30:26 | Build | Town Center |
| 30:52 | Build | Siege Workshop |
Build order — GrownJewel239
First 150 of 254 actions detected
| 0:04 | Create | Villager (Male) |
| 0:12 | Build | Stable |
| 0:24 | Create | Villager (Male) |
| 0:36 | Create | Villager (Male) |
| 0:41 | Create | Scout Cavalry |
| 0:41 | Create | Scout Cavalry |
| 1:01 | Create | Villager (Male) |
| 1:05 | Build | House |
| 1:09 | Create | Villager (Male) |
| 1:33 | Build | Mill |
| 1:36 | Create | Villager (Male) |
| 1:39 | Create | Scout Cavalry |
| 2:22 | Create | Villager (Male) |
| 2:27 | Build | Archery Range |
| 2:33 | Create | Villager (Male) |
| 2:34 | Create | Scout Cavalry |
| 2:36 | Create | Villager (Male) |
| 2:43 | Build | House |
| 2:44 | Build | House |
| 2:50 | Create | Villager (Male) |
| 3:21 | Create | Archer |
| 3:21 | Create | Archer |
| 3:21 | Create | Archer |
| 3:21 | Create | Archer |
| 3:26 | Create | Villager (Male) |
| 3:27 | Create | Villager (Male) |
| 3:38 | Build | House |
| 3:40 | Create | Villager (Male) |
| 4:01 | Create | Archer |
| 4:20 | Create | Archer |
| 4:23 | Create | Villager (Male) |
| 4:35 | Create | Scout Cavalry |
| 4:41 | Create | Villager (Male) |
| 4:51 | Build | House |
| 5:06 | Create | Archer |
| 5:18 | Create | Archer |
| 6:41 | Research | Castle Age |
| 6:41 | Research | Castle Age |
| 6:47 | Build | Mill |
| 7:54 | Build | Farm |
| 7:55 | Build | Farm |
| 7:55 | Build | Farm |
| 7:55 | Build | Farm |
| 7:56 | Build | Farm |
| 7:56 | Build | Farm |
| 7:56 | Build | Farm |
| 7:56 | Build | Farm |
| 8:15 | Research | Bloodlines |
| 8:16 | Research | Bloodlines |
| 8:18 | Research | Scale Barding Armor |
| 8:18 | Research | Scale Barding Armor |
| 9:09 | Research | Forging |
| 9:26 | Create | Camel Scout |
| 9:27 | Create | Camel Scout |
| 9:27 | Create | Camel Scout |
| 9:27 | Create | Camel Scout |
| 9:41 | Build | Town Center |
| 9:53 | Create | Villager (Male) |
| 9:59 | Research | Double-Bit Axe |
| 10:49 | Create | Villager (Male) |
| 10:50 | Create | Villager (Male) |
| 10:54 | Build | Town Center |
| 11:03 | Research | Bow Saw |
| 11:05 | Create | Villager (Male) |
| 11:17 | Create | Camel Scout |
| 11:18 | Create | Camel Scout |
| 11:18 | Create | Camel Scout |
| 11:27 | Build | Siege Workshop |
| 11:42 | Create | Camel Scout |
| 11:43 | Create | Camel Scout |
| 11:48 | Build | Mining Camp |
| 11:50 | Create | Armored Elephant |
| 11:50 | Create | Armored Elephant |
| 11:58 | Create | Villager (Male) |
| 11:59 | Create | Villager (Male) |
| 12:06 | Build | House |
| 12:11 | Build | House |
| 12:27 | Build | Lumber Camp |
| 12:41 | Create | Villager (Male) |
| 12:46 | Create | Villager (Male) |
| 12:52 | Create | Villager (Male) |
| 13:17 | Create | Archer |
| 13:43 | Create | Armored Elephant |
| 13:43 | Create | Armored Elephant |
| 13:43 | Create | Armored Elephant |
| 13:46 | Create | Villager (Male) |
| 13:47 | Create | Villager (Male) |
| 13:55 | Build | Farm |
| 13:55 | Build | Farm |
| 13:55 | Build | Farm |
| 13:55 | Build | Farm |
| 13:56 | Build | Farm |
| 13:56 | Build | Farm |
| 13:56 | Build | Farm |
| 13:57 | Build | Farm |
| 13:57 | Build | Farm |
| 14:56 | Create | Armored Elephant |
| 15:19 | Create | Villager (Male) |
| 15:19 | Create | Villager (Male) |
| 15:26 | Create | Camel Scout ×3 |
| 15:26 | Create | Camel Scout ×3 |
| 16:05 | Build | Stable |
| 16:06 | Build | Stable |
| 16:09 | Create | Villager (Male) |
| 16:09 | Create | Villager (Male) |
| 16:10 | Create | Villager (Male) |
| 16:11 | Create | Villager (Male) |
| 16:20 | Create | Villager (Male) |
| 16:35 | Create | Villager (Male) |
| 16:40 | Build | Farm |
| 16:40 | Build | Farm |
| 16:40 | Build | Farm |
| 16:40 | Build | Farm |
| 16:41 | Build | Farm |
| 16:47 | Create | Villager (Male) |
| 17:03 | Research | Husbandry |
| 17:17 | Create | Camel Scout |
| 17:17 | Create | Camel Scout |
| 17:18 | Create | Camel Scout |
| 17:24 | Create | Villager (Male) |
| 17:32 | Build | Farm |
| 17:32 | Build | Farm |
| 17:35 | Build | Farm |
| 17:36 | Build | Farm |
| 17:37 | Create | Villager (Male) |
| 17:39 | Build | Farm |
| 17:43 | Build | Farm |
| 17:43 | Build | Farm |
| 17:44 | Build | Farm |
| 17:44 | Build | Farm |
| 17:45 | Build | Farm |
| 17:45 | Build | Farm |
| 17:45 | Build | Farm |
| 17:45 | Build | Farm |
| 17:47 | Create | Villager (Male) |
| 17:49 | Create | Villager (Male) |
| 18:31 | Build | Farm |
| 18:35 | Research | Iron Casting |
| 18:39 | Build | Farm |
| 18:41 | Create | Villager (Male) |
| 18:42 | Create | Villager (Male) |
| 19:26 | Build | Castle |
| 19:41 | Create | Camel Scout |
| 19:41 | Create | Camel Scout |
| 19:41 | Create | Camel Scout |
| 19:43 | Create | Villager (Male) |
| 19:43 | Create | Villager (Male) |
| 19:45 | Build | Farm |
| 19:46 | Build | Farm |
| 19:46 | Build | Farm |
Build order — 399248324
First 150 of 162 actions detected
| 0:22 | Create | Villager (Male) |
| 0:23 | Create | Villager (Male) |
| 0:23 | Create | Villager (Male) |
| 0:23 | Create | Villager (Male) |
| 0:24 | Create | Villager (Male) |
| 0:24 | Create | Villager (Male) |
| 0:47 | Build | Market |
| 0:58 | Build | House |
| 0:59 | Build | House |
| 1:02 | Build | House |
| 1:05 | Build | House |
| 2:00 | Create | Spearman |
| 2:00 | Create | Spearman |
| 2:00 | Create | Spearman |
| 2:23 | Build | Stable |
| 2:27 | Build | House |
| 3:20 | Build | Farm |
| 3:21 | Build | Farm |
| 3:41 | Create | Villager (Male) |
| 3:42 | Create | Villager (Male) |
| 3:59 | Research | Castle Age |
| 4:33 | Create | Spearman |
| 4:33 | Create | Spearman |
| 4:38 | Create | Scout Cavalry |
| 4:38 | Create | Scout Cavalry |
| 5:23 | Create | Spearman |
| 5:24 | Create | Spearman |
| 5:37 | Build | Mining Camp |
| 6:16 | Create | Spearman |
| 6:16 | Create | Spearman |
| 6:16 | Create | Spearman |
| 6:30 | Age | Castle Age |
| 6:42 | Build | Town Center |
| 6:52 | Create | Knight |
| 6:52 | Create | Knight |
| 6:54 | Create | Knight |
| 7:40 | Create | Villager (Male) |
| 7:40 | Create | Villager (Male) |
| 7:41 | Create | Villager (Male) |
| 8:14 | Create | Villager (Male) |
| 8:15 | Create | Villager (Male) |
| 8:36 | Build | Farm |
| 8:39 | Build | Farm |
| 8:40 | Build | Farm |
| 9:04 | Create | Villager (Male) |
| 9:04 | Create | Villager (Male) |
| 9:10 | Build | Farm |
| 9:12 | Build | Farm |
| 9:18 | Build | Farm |
| 9:45 | Build | Castle |
| 9:53 | Create | Villager (Male) |
| 9:53 | Create | Villager (Male) |
| 10:08 | Create | Villager (Male) |
| 10:27 | Build | Town Center |
| 10:58 | Create | Villager (Male) |
| 10:58 | Create | Villager (Male) |
| 11:33 | Create | Villager (Male) |
| 11:33 | Create | Villager (Male) |
| 11:34 | Create | Villager (Male) |
| 11:55 | Build | Farm |
| 11:56 | Build | Farm |
| 11:57 | Build | Farm |
| 12:01 | Create | Villager (Male) |
| 12:02 | Create | Villager (Male) |
| 13:31 | Build | Castle |
| 13:37 | Create | Knight |
| 13:37 | Create | Knight |
| 13:54 | Build | Farm |
| 13:55 | Build | Farm |
| 13:57 | Build | Farm |
| 13:59 | Build | Farm |
| 14:01 | Create | Villager (Male) |
| 14:02 | Create | Villager (Male) |
| 14:02 | Create | Villager (Male) |
| 14:02 | Create | Villager (Male) |
| 15:07 | Create | War Elephant |
| 15:08 | Create | War Elephant |
| 15:11 | Create | Knight |
| 15:12 | Create | Knight |
| 16:27 | Build | Mining Camp |
| 16:33 | Create | War Elephant |
| 16:34 | Create | War Elephant |
| 16:40 | Create | Camel Scout |
| 16:40 | Create | Camel Scout |
| 16:51 | Create | Villager (Male) |
| 16:51 | Create | Villager (Male) |
| 16:51 | Create | Villager (Male) |
| 16:52 | Create | Villager (Male) |
| 16:52 | Create | Villager (Male) |
| 17:01 | Build | Farm |
| 17:02 | Build | Farm |
| 17:03 | Build | Farm |
| 17:05 | Build | Farm |
| 17:06 | Build | Farm |
| 17:11 | Create | Villager (Male) |
| 17:11 | Create | Villager (Male) |
| 17:12 | Create | Villager (Male) |
| 17:19 | Build | Farm |
| 17:20 | Build | Farm |
| 17:24 | Build | Farm |
| 17:39 | Create | Villager (Male) |
| 17:39 | Create | Villager (Male) |
| 17:40 | Create | Villager (Male) |
| 17:49 | Create | Villager (Male) |
| 17:50 | Create | Villager (Male) |
| 17:55 | Build | Farm |
| 18:17 | Build | Siege Workshop |
| 19:04 | Create | War Elephant |
| 19:07 | Create | War Elephant |
| 19:08 | Create | War Elephant |
| 19:14 | Research | Horse Collar |
| 19:47 | Create | Battering Ram |
| 19:47 | Create | Battering Ram |
| 20:34 | Build | Lumber Camp |
| 20:53 | Create | Knight |
| 20:53 | Create | Knight |
| 20:58 | Research | Scale Barding Armor |
| 21:01 | Research | Fletching |
| 21:06 | Create | Villager (Male) |
| 21:07 | Create | Villager (Male) |
| 21:07 | Create | Villager (Male) |
| 21:12 | Build | Farm |
| 21:17 | Create | Villager (Male) |
| 21:17 | Create | Villager (Male) |
| 21:17 | Create | Villager (Male) |
| 21:17 | Create | Villager (Male) |
| 21:45 | Build | Castle |
| 22:17 | Create | Knight |
| 22:40 | Research | Double-Bit Axe |
| 22:47 | Create | Villager (Male) |
| 22:47 | Create | Villager (Male) |
| 22:48 | Create | Villager (Male) |
| 22:50 | Create | War Elephant |
| 22:51 | Create | War Elephant |
| 23:15 | Build | Siege Workshop |
| 23:22 | Create | War Elephant |
| 23:53 | Build | Town Center |
| 24:06 | Create | Battering Ram |
| 24:07 | Create | Battering Ram |
| 24:16 | Create | War Elephant |
| 24:17 | Create | War Elephant |
| 24:25 | Create | Villager (Male) |
| 24:25 | Create | Villager (Male) |
| 24:25 | Create | Villager (Male) |
| 24:26 | Create | Villager (Male) |
| 24:30 | Build | Farm |
| 24:32 | Build | Farm |
| 24:33 | Build | Farm |
| 25:33 | Create | War Elephant |
| 25:33 | Create | War Elephant |
Build order — AbIGwAteRmElOn
First 150 of 321 actions detected
| 0:02 | Create | Villager (Male) |
| 0:02 | Create | Villager (Male) |
| 0:03 | Create | Villager (Male) |
| 0:03 | Create | Villager (Male) |
| 0:03 | Create | Villager (Male) |
| 0:04 | Create | Villager (Male) |
| 0:25 | Build | House |
| 0:29 | Build | Stable |
| 1:14 | Build | Stable |
| 1:20 | Create | Scout Cavalry ×2 |
| 1:20 | Create | Scout Cavalry ×2 |
| 1:52 | Research | Forging |
| 2:02 | Build | Stable |
| 2:24 | Create | Villager (Male) |
| 2:31 | Create | Scout Cavalry ×2 |
| 2:31 | Create | Scout Cavalry ×2 |
| 2:39 | Build | House |
| 2:41 | Build | House |
| 2:43 | Build | House |
| 2:58 | Build | Farm |
| 3:00 | Build | Farm |
| 3:01 | Build | Farm |
| 3:02 | Build | Farm |
| 3:05 | Create | Villager (Male) |
| 3:16 | Create | Scout Cavalry ×2 |
| 3:16 | Create | Scout Cavalry ×2 |
| 3:25 | Create | Villager (Male) |
| 3:30 | Build | Farm |
| 3:34 | Create | Villager (Male) |
| 3:44 | Build | Farm |
| 3:49 | Build | Farm |
| 4:03 | Build | House |
| 4:04 | Build | House |
| 4:06 | Build | House |
| 4:09 | Build | House |
| 4:11 | Build | House |
| 4:19 | Build | House |
| 4:29 | Research | Town Watch |
| 4:36 | Build | Farm |
| 4:37 | Build | Farm |
| 4:40 | Build | Farm |
| 4:40 | Build | Farm |
| 4:40 | Build | Farm |
| 4:41 | Build | Farm |
| 4:41 | Build | Farm |
| 4:41 | Build | Farm |
| 4:42 | Build | Farm |
| 4:42 | Build | Farm |
| 4:42 | Build | Farm |
| 4:43 | Build | Farm |
| 4:43 | Build | Farm |
| 4:44 | Build | Farm |
| 4:44 | Build | Farm |
| 4:44 | Build | Farm |
| 4:44 | Build | Farm |
| 4:45 | Build | Farm |
| 4:45 | Build | Farm |
| 4:45 | Build | Farm |
| 4:46 | Build | Farm |
| 4:46 | Build | Farm |
| 4:47 | Build | Farm |
| 4:47 | Build | Farm |
| 4:47 | Build | Farm |
| 4:48 | Build | Farm |
| 4:48 | Build | Farm |
| 4:48 | Build | Farm |
| 4:49 | Build | Farm |
| 4:49 | Build | Farm |
| 4:50 | Build | Farm |
| 4:50 | Build | Farm |
| 4:50 | Build | Farm |
| 4:51 | Build | Farm |
| 4:51 | Build | Farm |
| 4:51 | Build | Farm |
| 4:56 | Create | Villager (Male) |
| 4:56 | Create | Villager (Male) |
| 4:59 | Create | Villager (Male) |
| 5:01 | Create | Villager (Male) |
| 6:29 | Build | Farm |
| 6:30 | Build | Farm |
| 6:32 | Build | Farm |
| 6:37 | Build | Farm |
| 7:43 | Research | Castle Age |
| 7:43 | Research | Castle Age |
| 7:47 | Research | Double-Bit Axe |
| 7:47 | Research | Double-Bit Axe |
| 8:35 | Research | Horse Collar |
| 8:38 | Research | Gold Mining |
| 9:56 | Research | Wheelbarrow |
| 9:59 | Research | Stone Mining |
| 10:23 | Age | Castle Age |
| 10:31 | Build | Town Center |
| 10:52 | Build | Lumber Camp |
| 11:02 | Research | Iron Casting |
| 11:06 | Research | Bow Saw |
| 11:18 | Create | Villager (Male) |
| 11:18 | Create | Villager (Male) |
| 11:18 | Create | Villager (Male) |
| 11:19 | Create | Villager (Male) |
| 11:47 | Create | Villager (Male) |
| 11:47 | Create | Villager (Male) |
| 11:47 | Create | Villager (Male) |
| 11:52 | Create | Villager (Male) |
| 11:52 | Create | Villager (Male) |
| 12:22 | Create | Villager (Male) |
| 12:31 | Build | Town Center |
| 12:35 | Create | Villager (Male) |
| 12:36 | Create | Villager (Male) |
| 12:36 | Create | Villager (Male) |
| 12:37 | Create | Villager (Male) |
| 13:14 | Create | Villager (Male) |
| 13:14 | Create | Villager (Male) |
| 13:15 | Create | Villager (Male) |
| 13:15 | Create | Villager (Male) |
| 13:16 | Create | Villager (Male) |
| 13:16 | Create | Villager (Male) |
| 13:33 | Build | Farm |
| 13:39 | Build | Farm |
| 13:44 | Create | Villager (Male) |
| 13:48 | Create | Villager (Male) |
| 13:48 | Create | Villager (Male) |
| 13:52 | Build | Farm |
| 14:11 | Create | Villager (Male) |
| 14:11 | Create | Villager (Male) |
| 14:11 | Create | Villager (Male) |
| 14:12 | Create | Villager (Male) |
| 14:24 | Create | Villager (Male) |
| 15:03 | Research | Stone Shaft Mining |
| 15:11 | Create | Villager (Male) |
| 15:11 | Create | Villager (Male) |
| 15:12 | Create | Villager (Male) |
| 15:34 | Build | Farm |
| 15:36 | Build | Farm |
| 15:39 | Build | Farm |
| 15:40 | Build | Farm |
| 15:59 | Research | Heavy Plow |
| 16:01 | Create | Villager (Male) |
| 16:03 | Create | Villager (Male) |
| 16:17 | Build | Castle |
| 16:23 | Build | Barracks |
| 16:23 | Build | Barracks |
| 16:36 | Create | Villager (Male) |
| 16:36 | Create | Villager (Male) |
| 16:37 | Create | Villager (Male) |
| 16:37 | Create | Villager (Male) |
| 16:46 | Create | Villager (Male) |
| 16:46 | Create | Villager (Male) |
| 16:47 | Create | Villager (Male) |
| 16:52 | Create | Villager (Male) |
| 16:53 | Create | Villager (Male) |
Match timeline
| 0:12 | GrownJewel239 · first_building Stable |
| 0:29 | AbIGwAteRmElOn · first_building Stable |
| 0:35 | Coyotesolo · first_building Archery Range |
| 0:40 | Cubicle_Zues · first_building Stable |
| 1:02 | Dallsteell · first_building Stable |
| 2:04 | Coyotesolo · wall_segment Palisade Wall x6 |
| 2:16 | horaciolm · first_building Stable |
| 2:23 | 399248324 · first_building Stable |
| 2:27 | GrownJewel239 · first_building Archery Range |
| 6:24 | Dallsteell · wall_segment Stone Wall x9 |
| 6:30 | 399248324 · age_up castle |
| 7:14 | horaciolm · first_building Archery Range |
| 7:22 | ElSplif · first_building Archery Range |
| 7:59 | Cubicle_Zues · first_market_buy 100 food |
| 8:16 | Cubicle_Zues · first_building Archery Range |
| 8:31 | Coyotesolo · wall_segment Palisade Wall x8 |
| 9:17 | Cubicle_Zues · wall_segment Stone Wall x1 |
| 9:23 | Dallsteell · age_up castle |
| 9:45 | 399248324 · first_building Castle |
| 10:15 | Dallsteell · first_building Castle |
| 10:17 | Coyotesolo · age_up castle |
| 10:23 | AbIGwAteRmElOn · age_up castle |
| 10:51 | Coyotesolo · first_building Castle |
| 10:53 | Cubicle_Zues · age_up castle |
| 11:20 | Cubicle_Zues · first_market_sell 100 food |
| 11:27 | GrownJewel239 · first_building Siege Workshop |
| 11:37 | Coyotesolo · first_market_buy 100 stone |
| 12:17 | ElSplif · age_up castle |
| 12:53 | Cubicle_Zues · first_building Castle |
| 14:41 | ElSplif · first_building Castle |
| 15:59 | 399248324 · first_market_sell 100 wood |
| 16:00 | 399248324 · first_market_buy 100 stone |
| 16:14 | ElSplif · first_building Monastery |
| 16:17 | AbIGwAteRmElOn · first_building Castle |
| 16:23 | AbIGwAteRmElOn · first_building Barracks |
| 18:05 | AbIGwAteRmElOn · first_building Siege Workshop |
| 18:17 | 399248324 · first_building Siege Workshop |
| 18:47 | Coyotesolo · first_building Monastery |
| 19:19 | Coyotesolo · first_building Siege Workshop |
| 19:26 | GrownJewel239 · first_building Castle |
| 21:31 | horaciolm · age_up castle |
| 21:59 | horaciolm · first_building Monastery |
| 23:02 | ElSplif · first_building Barracks |
| 23:26 | horaciolm · first_building Castle |
| 23:45 | ElSplif · first_market_buy 100 food |
| 24:15 | GrownJewel239 · first_building Monastery |
| 24:18 | ElSplif · first_building Stable |
| 25:09 | Coyotesolo · age_up imperial |
| 25:47 | Dallsteell · age_up imperial |
| 26:51 | AbIGwAteRmElOn · age_up imperial |
| 27:03 | ElSplif · age_up imperial |
| 27:06 | Dallsteell · wall_segment Stone Wall x13 |
| 27:09 | Dallsteell · wall_segment Stone Wall x7 |
| 27:36 | Coyotesolo · first_market_sell 100 wood |
| 28:00 | Cubicle_Zues · first_building Siege Workshop |
| 28:20 | ElSplif · first_building Siege Workshop |
| 28:32 | Cubicle_Zues · age_up imperial |
| 28:54 | Dallsteell · first_building Siege Workshop |
| 29:33 | Coyotesolo · resign |
| 30:52 | horaciolm · first_building Siege Workshop |
[ AI ANALYSIS · 1 CREDIT ]
What really happened in this match?
Wolo.gg analyzes every decision: build order, eco, micro, common mistakes by bracket. Personalized analysis on WhatsApp or Discord in 30 seconds.
Civ guide
Vikings
Perfil
Jugador #4105819